 Dungeon Sprint DCSS version 0.28-a0-381-g937acc2988 (webtiles) character file.

Game seed: 5415107585443384367

7583 Ankalagon the Warrior (level 10, -9/157 HPs)
             Began as a Minotaur Fighter on Sept 1, 2021.
             Was a High Priest of Okawaru.
             Succumbed to a death drake's dark miasma
             ... in the Dungeon (Sprint II: "The Violet Keep of Menkaure").
             The game lasted 00:09:25 (2096 turns).

Ankalagon the Warrior (Minotaur Fighter)            Turns: 2096, Time: 00:09:25

Health: -9/157     AC: 24    Str: 21    XL:     10   Next: 97%
Magic:  10/16      EV: 15    Int:  5    God:    Okawaru [*****.]
Gold:   256        SH:  6    Dex: 13    Spells: 9/9 levels left

rFire   . . .      SeeInvis .   a - +0 flail
rCold   . . .      Faith    .   c - +0 buckler
rNeg    . . .      Spirit   .   i - +1 chain mail {Will+}
rPois   .          Reflect  .   v - +1 hat
rElec   .          Harm     .   (no cloak)
rCorr   .          Rampage  +   u - +2 pair of gloves
Will    +....      Rnd*Rage +   w - +1 pair of boots {rampage} Stlth ..........NoTele +
                                (no amulet)
HPRegen 0.36/turn               f - ring of flight
MPRegen 0.15/turn               (no ring)

@: berserking, lethally poisoned (-9 -> -171), heroic, flying, slowed
A: horns 2, retaliatory headbutt, berserk 2, inability to read while threatened
a: Renounce Religion, Heroism, Finesse


You were in the Dungeon.
You worshipped Okawaru.
Okawaru was extremely pleased with you.
You visited 1 branch You collected 1418 gold pieces.
You spent 1162 gold pieces at shops.

Inventory:

Hand Weapons
 a - a +0 flail (weapon)
Armour
 b - a +0 scale mail
 c - a +0 buckler (worn)
 i - a +1 chain mail of willpower (worn)
 u - a +2 pair of gloves (worn)
 v - a +1 hat (worn)
 w - a +1 pair of boots of rampaging (worn)
Jewellery
 f - a ring of flight (left hand)
Scrolls
 j - a scroll of blinking
 k - a scroll of holy word {unknown}
 m - 3 scrolls of enchant armour {unknown}
 o - 2 scrolls of identify {unknown}
 p - a scroll of fog {unknown}
 s - a scroll of enchant weapon {unknown}
 t - 4 scrolls of amnesia {unknown}
Potions
 d - a potion of might
 e - a potion of curing
 g - 3 potions of haste
 h - 5 potions of magic
 l - a potion of attraction {unknown}
 n - 2 potions of degeneration {unknown}
 q - 3 potions of resistance {unknown}
 r - 3 potions of flight {unknown}


   Skills:
 + Level 15.0(20.0) Fighting
 - Level 14.0(19.0) Maces & Flails
 + Level 14.8(19.8) Armour
 + Level 13.3(18.3) Dodging
 - Level 4.0(9.0) Shields
 + Level 10.0 Invocations


You had 9 spell levels left.
You didn't know any spells.
Your spell library contained the following spells:

 Spells                   Type           Power      Damage    Failure   Level
 Stone Arrow              Conj/Erth      0%         3d7       99%         3
 Lehudib's Crystal Spear  Conj/Erth      0%         10d2      100%        8
 Animate Armour           Summ/Erth      Unusable   N/A       N/A         4

Dungeon Overview and Level Annotations

Branches:
Dungeon (1/1)

Altars:
Cheibriados
Dithmenos
Elyvilon
Fedhas
Gozag
Hepliaklqana
Kikubaaqudgha
Makhleb
Nemelex Xobeh
Okawaru
Qazlal
Ru
Sif Muna
Trog
Uskayaw
Vehumet
Wu Jian
Xom
Yredelemnul
Zin
The Shining One
Beogh
Jiyva
Lugonu

Shops:
D [::[*=!!(?==[([

Annotations:
D exclusion: oklob plant, Roxanne


Innate Abilities, Weirdness & Mutations

You have a pair of horns on your head.
You reflexively headbutt those who attack you in melee.
You often lose your temper in combat.
You sometimes lose the ability to read scrolls when taking damage.


Message History

The death drake breathes miasma at you. The foul vapour misses you.
You sock the death drake!
The death drake is severely wounded.
You are engulfed in dark miasma.
You are lethally poisoned!
You feel extremely sick.
You completely miss the death drake. You headbutt the death drake!
The death drake is severely wounded.
You are engulfed in dark miasma.
You are more poisoned.
You feel yourself slow down.
You feel extremely sick.
You barely miss the death drake.
The death drake is severely wounded.
You are engulfed in dark miasma.
You are more poisoned.
You feel extremely sick. The death drake misses you.
You hit the death drake. Your headbutt misses the death drake.
The death drake is almost dead.
You are engulfed in dark miasma.
You are more poisoned.
* * * LOW HITPOINT WARNING * * *
You feel extremely sick.
The death drake bites you but does no damage.
A red film seems to cover your vision as you go berserk!
Your finesse ends abruptly.
You feel yourself moving faster!
You feel mighty!
Your chain mail prevents you from hitting the death drake.
The death drake is almost dead.
You are engulfed in dark miasma.
You are more poisoned.
You feel as though you will be slow longer.
* * * LOW HITPOINT WARNING * * *
x2 You feel extremely sick.
You sock the death drake! You headbutt the death drake.
The death drake is almost dead.
You are engulfed in dark miasma.
You are more poisoned.
* * * LOW HITPOINT WARNING * * *
You die...

§≈§ #○○.▓§≈§§§§§≈▓▓ #+++##
#:°▓▓▓▓▓▓▓▓▓▓▓ ))...#
#}[▓(.(..[.[▓▓ )##..# #.
k#:=▓.([..[(.▓▓ #.##.####
+.##k#:°▓...()...▓▓ #..#....#
...####▓.).((.))▓▓ ..####..##
#.k##.#▓.[.[((..▓▓ '###.##..#
+..#..#▓.).[(.(.▓▓ .##.#.#..#
#..#@.#▓...)[.[.▓▓
<.'.##'..####..##k#▓........▓▓
.##..##....###...##▓▓▓▓▓▓▓'▓▓▓▓+▓
'###.##......≈≈)≈≈≈≈≈≈≈≈≈≈..wXw≈▓
#.####≈≈...§.≈#'########'###.w≈≈▓
#..#≈≈≈≈≈≈≈..≈#....._..#§≈§##≈≈≈▓
#.##§≈≈≈≈≈≈≈.§#...._._.#§≈≈§####▓
+##≈≈≈≈≈≈≈≈≈§≈#..._._._#≈≈§≈≈#
≈≈≈≈≈≈≈≈≈§≈§§§#.._._._.#§§≈§§§#


You could see a death drake.

Vanquished Creatures
  Kirke (D)
  A yaktaur captain (D)
  2 boulder beetles (D)
  A centaur warrior (D)
  A skeletal warrior (D)
  An elephant (D)
  A kobold demonologist (D)
  A yaktaur (D)
  A hornet (D)
  3 polar bears (D)
  4 neqoxecs (D)
  4 water moccasins (D)
  4 scorpions (D)
  A hell rat (D)
  A spectral adder (D)
  3 worms (D)
  A spectral ball python (D)
  2 tentacles (D)
33 creatures vanquished.

Vanquished Creatures (others)
  Menkaure (D)
  A water moccasin (D)
  10 tentacles (D)
12 creatures vanquished.

Grand Total: 45 creatures vanquished

Notes
Turn   | Place    | Note
-------+----------+-------------------------------------------
     0 | D        | Ankalagon the Minotaur Fighter began the quest for the Orb.
     0 | D        | Reached XP level 1. HP: 19/19 MP: 0/0
     8 | D        | Killed Menkaure
    80 | D        | Killed a water moccasin
    85 | D        | Identified Roxanne's Catalogue of the Mountains
    85 | D        | Noticed Roxanne
    92 | D        | Reached skill level 5 in Maces & Flails
    92 | D        | Reached XP level 2. HP: 17/26 MP: 1/1
   213 | D        | Noticed a neqoxec
   213 | D        | Noticed a neqoxec
   213 | D        | Noticed a neqoxec
   213 | D        | Noticed a neqoxec
   214 | D        | Gained mutation: You sometimes lose the ability to read
                  | scrolls when taking damage. [a neqoxec]
   224 | D        | Killed a neqoxec
   225 | D        | Reached skill level 8 in Fighting
   225 | D        | Reached XP level 3. HP: 40/40 MP: 2/2
   225 | D        | Reached XP level 4. HP: 48/48 MP: 3/3
   228 | D        | Killed a neqoxec
   229 | D        | Reached skill level 10 in Fighting
   229 | D        | Reached XP level 5. HP: 52/58 MP: 4/4
   229 | D        | Gained mutation: You tend to lose your temper in combat. [a
                  | neqoxec]
   240 | D        | Killed a neqoxec
   241 | D        | Reached skill level 11 in Fighting
   241 | D        | Reached XP level 6. HP: 28/69 MP: 5/5
   250 | D        | Gained mutation: You often lose your temper in combat. [a
                  | neqoxec]
   254 | D        | Killed a neqoxec
   255 | D        | Reached skill level 12 in Fighting
   255 | D        | Reached XP level 7. HP: 40/78 MP: 6/6
   420 | D        | Noticed a boulder beetle
   420 | D        | Noticed a boulder beetle
   432 | D        | Reached skill level 13 in Fighting
   538 | D        | Found Retolig's Antique Armour Shop.
   538 | D        | Found Doyts's Antique Weapon Boutique.
   538 | D        | Found Esokoapn's Jewellery Shop.
   538 | D        | Found Rutwysem's Jewellery Shop.
   538 | D        | Found Pahy's Antique Weapon Boutique.
   538 | D        | Found Vuddaph's Magic Scroll Boutique.
   538 | D        | Found Karifoak's Distillery.
   539 | D        | Found Hiadedgh's Distillery.
   540 | D        | Found Pidutta's Jewellery Shop.
   540 | D        | Found Tulojef's Assorted Antiques.
   541 | D        | Found Fuuhai Fowie's Armour Boutique.
   541 | D        | Noticed a hell hog
   542 | D        | Found Ysota's Antique Armour Shop.
   542 | D        | Noticed a hell hog
   542 | D        | Noticed an oklob plant
   543 | D        | Found Antegoaba's Book Shop.
   543 | D        | Found Ymet's Antique Armour Boutique.
   543 | D        | Found Ruehothaf's Book Shoppe.
   543 | D        | Noticed a fire dragon
   557 | D        | Reached skill level 14 in Fighting
   663 | D        | Noticed an iron elemental
   704 | D        | Bought a potion of might for 44 gold pieces
   704 | D        | Bought a potion of might for 44 gold pieces
   711 | D        | Bought a potion of heal wounds for 70 gold pieces
   711 | D        | Bought a potion of heal wounds for 70 gold pieces
   711 | D        | Bought a potion of haste for 140 gold pieces
   711 | D        | Bought a potion of haste for 140 gold pieces
   723 | D        | Bought a runed chain mail for 187 gold pieces
   758 | D        | Found a blossoming altar of Fedhas.
   759 | D        | Found a white marble altar of Elyvilon.
   759 | D        | Found an opulent altar of Gozag.
   759 | D        | Found a burning altar of Makhleb.
   760 | D        | Found a shadowy altar of Dithmenos.
   760 | D        | Found a corrupted altar of Lugonu.
   761 | D        | Found a snail-covered altar of Cheibriados.
   761 | D        | Found an ancient bone altar of Kikubaaqudgha.
   761 | D        | Found a bloodstained altar of Trog.
   762 | D        | Found a viscous altar of Jiyva.
   762 | D        | Found a shimmering blue altar of Sif Muna.
   763 | D        | Found a hazy altar of Hepliaklqana.
   763 | D        | Found a sacrificial altar of Ru.
   764 | D        | Found a shimmering altar of Xom.
   765 | D        | Found a stormy altar of Qazlal.
   765 | D        | Found an ornate altar of the Wu Jian Council.
   765 | D        | Found a sparkling altar of Nemelex Xobeh.
   765 | D        | Found a hide-covered altar of Uskayaw.
   765 | D        | Found a basalt altar of Yredelemnul.
   765 | D        | Found a glowing golden altar of the Shining One.
   765 | D        | Noticed a hornet
   765 | D        | Noticed a polar bear
   765 | D        | Noticed a polar bear
   766 | D        | Found a radiant altar of Vehumet.
   766 | D        | Found an iron altar of Okawaru.
   766 | D        | Found a glowing silver altar of Zin.
   766 | D        | Noticed a yaktaur
   766 | D        | Noticed a polar bear
   770 | D        | Noticed a flying skull
   770 | D        | Noticed a flying skull
   771 | D        | Noticed a flying skull
   771 | D        | Noticed a flying skull
   772 | D        | Noticed a flying skull
   772 | D        | Noticed a flying skull
   773 | D        | Noticed a flying skull
   774 | D        | Noticed a flying skull
   774 | D        | Noticed a flying skull
   775 | D        | Became a worshipper of Warmaster Okawaru
   775 | D        | Noticed a flying skull
   775 | D        | Noticed a flying skull
   779 | D        | Noticed a flying skull
   789 | D        | Killed a hornet
   790 | D        | Reached skill level 15 in Fighting
   790 | D        | Reached XP level 8. HP: 79/91 MP: 7/7
   793 | D        | Killed a polar bear
   794 | D        | Reached skill level 5 in Armour
   801 | D        | Killed a polar bear
   802 | D        | Reached skill level 5 in Dodging
   803 | D        | Killed a polar bear
   803 | D        | Reached * piety under Okawaru
   807 | D        | Killed a yaktaur
   944 | D        | Noticed a kraken
   968 | D        | Reached XP level 9. HP: 63/97 MP: 8/8
  1079 | D        | Reached skill level 10 in Armour
  1538 | D        | Bought a +1 hat for 110 gold pieces
  1543 | D        | Bought a +1 pair of boots of rampaging for 165 gold pieces
  1556 | D        | Noticed a centaur warrior
  1556 | D        | Noticed Kirke
  1556 | D        | Noticed a yaktaur captain
  1557 | D        | Noticed a skeletal warrior
  1578 | D        | Killed Kirke
  1578 | D        | Reached ** piety under Okawaru
  1578 | D        | Reached *** piety under Okawaru
  1579 | D        | Reached skill level 10 in Dodging
  1579 | D        | Reached skill level 5 in Invocations
  1586 | D        | Killed a centaur warrior
  1587 | D        | Reached XP level 10. HP: 32/105 MP: 7/14
  1591 | D        | Killed a yaktaur captain
  1591 | D        | Reached **** piety under Okawaru
  1602 | D        | Noticed an elephant
  1605 | D        | Killed a skeletal warrior
  1615 | D        | Killed an elephant
  1940 | D        | Killed a boulder beetle
  1962 | D        | Killed a boulder beetle
  1962 | D        | Reached ***** piety under Okawaru
  1963 | D        | Reached skill level 10 in Invocations
  1984 | D        | Bought a ring of flight for 192 gold pieces
  2079 | D        | Noticed a death drake
  2096 | D        | Succumbed to a death drake's dark miasma

Illustrated notes

Levels and vault maps discovered:
D:        the_violet_keep_of_menkaure [sprint2_stairs_cluster_1,
          sprint2_shoproom, sprint2_temple, sprint2_basic_supplies,
          sprint2_obstacle_7, sprint2_obstacle_1, sprint2_obstacle_6,
          sprint2_obstacle_3, sprint2_obstacle_2, sprint2_timed_cluster_1,
          sprint2_smallroom_cluster_1, sprint2_smallroom_final_cluster_1,
          sprint2_transparent_cluster_1, sprint2_second_timed_cluster_1,
          sprint2_sniper_area_1, sprint2_heavy_combat_area_1,
          sprint2_mutation_trap_area_1, sprint2_forest_area_1,
          sprint2_light_combat_area_1, sprint2_behind_water_1,
          sprint2_near_end_vault_1]

Skill      XL: |  1  2  3  4  5  6  7  8  9 10 |
---------------+-------------------------------+-----
Maces & Flails | 5 9 11 12 14 | 14.0
Shields        | 4 |  4.0
Fighting       | 8 10 11 12 15 | 15.0
Armour         | 9 12 14 | 14.8
Dodging        | 7 11 13 | 13.3
Invocations    | 7 10 | 10.0

Action                   |  1- 3 |  4- 6 |  7- 9 | 10-12 || total
-------------------------+-------+-------+-------+-------++-------
Melee: Flail             |    20 |    29 |    91 |    67 ||   207
       Headbutt          |     4 |     3 |    21 |    24 ||    52
Invok: Heroism           |       |       |     1 |     3 ||     4
       Finesse           |       |       |       |     2 ||     2
  Use: Potion            |     1 |     1 |     5 |     1 ||     8
Armor: Scale mail        |     5 |     5 |     2 |       ||    12
       Chain mail        |       |       |    41 |     6 ||    47
Dodge: Dodged            |     4 |     8 |    36 |    11 ||    59
Block: Buckler           |     3 |     5 |    18 |     6 ||    32

Table legend: (Time is in decaauts)
 A = Elapsed time spent in this place.
 B = Non-inter-level travel time spent in this place.
 C = Inter-level travel time spent in this place.
 D = Time resting spent in this place.
 E = Time spent auto-exploring this place.
 F = Levels seen in this place.
 G = Mean time per level.
                   A        B        C        D        E       F      G
               +--------+--------+--------+--------+--------+-----+--------+
         Total |   2094 |   2079 |     15 |   1249 |    112 |   1 | 2094.0 |
       Dungeon |   2094 |   2079 |     15 |   1249 |    112 |   1 | 2094.0 |
               +--------+--------+--------+--------+--------+-----+--------+

Top non-repeatable levels by time:
       D: 2094 daAuts
